AoeStats
← Huskarls4

Black Forest

503592838Analyzed
4v4 RM · 2mo ago on Sep 1, 2026· 28m 33s· 8 players
Game mode
Random Map
Map size
Large (8 player)
Population
200
Speed
Normal
Resources
Standard
Victory
Conquest
Starting age
Dark Age
Ending age
Imperial Age
RankedLock teamsTeams togetherTeam positionsShared explorationLock speedFull tech treeHidden civsTurbo modeCheats
Victory
Defeat
🇫🇷 Vikings · France
1660
+7
🇺🇦 Bulgarians · Ukraine
1646
+7
🇫🇮 Berbers · Finland
1534
+11
🇬🇧 Cumans · United Kingdom
1478
+14
vs
🇹🇼 Portuguese · Taiwan
1442
-10
🇹🇼 Saracens · Taiwan
1435
-10
🇹🇼 Gurjaras · Taiwan
1424
-9
🇹🇼 Muisca · Taiwan
1415
-9
Huskarls4
6:53 Loom
9:23 Feudal Age
12:39 Horse Collar
15:46 Wheelbarrow
19:56 Castle Age
20:38 Scale Barding Armor
20:43 Forging
20:29 Double-Bit Axe
22:57 Bloodlines
23:22 Gold Mining
25:41 Chain Barding Armor
25:31 Light Cavalry
27:03 Iron Casting
27:46 Capped Ram
Kaarlos
11:35 Feudal Age
15:08 Castle Age
12:58 Double-Bit Axe
14:38 Fishing Lines
16:29 Loom
17:16 Scale Barding Armor
21:59 Bloodlines
22:51 Forging
23:50 Town Watch
24:07 Husbandry
25:54 Horse Collar
DarWix
11:42 Feudal Age
15:58 Castle Age
17:16 Loom
17:32 Double-Bit Axe
19:07 Fishing Lines
19:53 Bow Saw
20:18 Fletching
23:23 Forging
26:04 Scale Mail Armor
lxnmnk Trade | B | S
1:14 Loom
9:43 Feudal Age
11:19 Double-Bit Axe
12:47 Horse Collar
14:41 Arson
16:14 Fletching
18:10 Wheelbarrow
18:48 Scale Mail Armor
23:46 Castle Age
23:56 Gold Mining
24:52 Bow Saw
24:50 Heavy Plow
26:20 Chain Mail Armor
28:01 Gold Shaft Mining
27:37 Stone Mining
28:09 Hand Cart
Maple
0:42 Loom
11:20 Feudal Age
19:57 Wheelbarrow
21:43 Horse Collar
21:49 Double-Bit Axe
Speechless
6:26 Loom
12:11 Feudal Age
16:52 Castle Age
15:15 Scale Barding Armor
22:44 Horse Collar
28:55 Wheelbarrow
虞小梅
1:02 Loom
11:29 Feudal Age
12:36 Double-Bit Axe
15:29 Castle Age
14:09 Gold Mining
16:43 Bow Saw
17:09 Gold Shaft Mining
17:47 Sanctity
18:07 Fletching
18:23 Scale Barding Armor
24:42 Redemption
27:24 Wheelbarrow
28:47 Chain Barding Armor
brian1026s
5:32 Loom
10:51 Feudal Age
12:37 Horse Collar
15:22 Castle Age
13:52 Double-Bit Axe
16:53 Heavy Plow
19:32 Gold Mining
22:20 Wheelbarrow
22:37 Gold Shaft Mining
23:49 Hand Cart
29:39 Imperial Age
27:40 Thumb Ring
28:17 Stone Mining
28:38 Bow Saw
Connection lost

Rejoining the realm…

Still unreachable

The connection could not be restored.

Session expired

The server has moved on; the page needs a fresh start.